 Dungeon Crawl Stone Soup version 0.29.1-2-gbd0b4ee654 (webtiles) character file.

Game seed: 1775671259937059048

102 zermelo the Chopper (level 4, -3/39 HPs)
             Began as a Minotaur Berserker on Nov 13, 2022.
             Was a Believer of Trog.
             Slain by a gnoll
             ... wielding a +0 flail
              (4 damage)
             ... on level 3 of the Dungeon.
             The game lasted 00:16:20 (2591 turns).

zermelo the Chopper (Minotaur Berserker)            Turns: 2591, Time: 00:16:20

Health: -3/39      AC:  9    Str: 24    XL:     4   Next: 50%
Magic:  3/3        EV:  8    Int:  4    God:    Trog [**....]
Gold:   84         SH:  0    Dex: 11    Spells: 3/3 levels left

rFire   + . .      SeeInvis +   p - +9 war axe of the Other Side {flame, rF+ rN+ Dex+2}
rCold   . . .      Faith    .   (no shield)
rNeg    + . .      Spirit   .   f - +0 chain mail
rPois   .          Reflect  .   (helmet restricted)
rElec   .          Harm     .   j - +0 cloak
rCorr   .          Rampage  .   (no gloves)
Will    .....                   (no boots)
Stlth   ..........              (no amulet)
HPRegen 0.13/turn               d - ring of see invisible
MPRegen 0.08/turn               (no ring)

@: slowed, very slow
A: horns 2, retaliatory headbutt
a: Renounce Religion, Berserk, Trog's Hand


You were on level 3 of the Dungeon.
You worshipped Trog.
Trog was pleased with you.
You visited 1 branch of the dungeon, and saw 3 of its levels.

You collected 84 gold pieces.

Inventory:

Hand Weapons
 p - the +9 war axe of the Other Side (weapon) {flame, rF+ rN+ Dex+2}
   (You found it on level 2 of the Dungeon)

   It burns those it strikes, dealing additional fire damage.
   Big, fiery blades are also staple armaments of hydra-hunters.
   Dex:       It affects your dexterity (+2).
   rF:        It protects you from fire.
   rN:        It protects you from negative energy.
Missiles
 e - 6 stones (quivered)
 n - 5 silver javelins
Armour
 f - a +0 chain mail (worn)
 j - a +0 cloak (worn)
Jewellery
 b - an amulet of faith
 d - a ring of see invisible (left hand)
 h - a ring of wizardry
 k - an amulet of reflection
 o - a ring of flight
Wands
 i - a wand of paralysis (5)
Scrolls
 c - 3 scrolls of identify
 g - 2 scrolls of teleportation
Potions
 l - a potion of mutation
 m - a potion of ambrosia


   Skills:
 - Level 3.6 Fighting
 + Level 6.4 Axes
 - Level 2.4 Armour
 - Level 2.1 Dodging


You had 3 spell levels left.
You didn't know any spells.
Your spell library contained the following spells:

 Spells                   Type           Power      Damage    Failure   Level
 Sting                    Tmut/Pois      0%         1d3       99%         1
 Poisonous Vapours        Pois/Air       0%         N/A       100%        2
 Olgreb's Toxic Radiance  Pois           0%         N/A       100%        4
 Summon Lightning Spire   Summ/Air       0%         N/A       100%        4
 Storm Form               Tmut/Air       0%         N/A       100%        7
 Maxwell's Capacitive Co  Air            0%         ∞         100%        8


Dungeon Overview and Level Annotations

Branches:
Dungeon (3/15)

Altars:
Yredelemnul


Innate Abilities, Weirdness & Mutations

You have a pair of horns on your head.
You reflexively headbutt those who attack you in melee.


Message History

Natasha extends her claws.
Natasha stares at you and mumbles some strange words.
You feel yourself slow down.
Your Axes skill increases to level 6!
You have reached level 4!
You feel stronger.
You closely miss Natasha.
You feel very sick. Natasha barely misses you. x2
You slash the gnoll! You burn the gnoll.
You headbutt the gnoll, but do no damage.
The gnoll is severely wounded.
You slash Natasha! You burn Natasha.
You feel sick.
The rat twitches its whiskers.
The gnoll hits you with a +0 flail! Natasha claws you!
The gnoll hits you but does no damage.
You barely miss the gnoll.
The gnoll is severely wounded.
You miss Natasha.
You feel sick. Natasha barely misses you. The gnoll barely misses you.
You furiously retaliate!
You headbutt the gnoll, but do no damage.
Natasha barely misses you. You furiously retaliate!
You headbutt Natasha.
You kill Natasha!
Trog accepts your kill.
Trog appreciates your killing of a magic user.
Natasha screams in pain as she dies!
The gnoll hits you but does no damage.
You slash the gnoll! You burn the gnoll.
You kill the gnoll!
Trog accepts your kill.
You hit the gnoll. You burn the gnoll.
You feel sick.
You are no longer poisoned.
The gnoll closely misses you.
You slash the gnoll! You burn the gnoll.
The gnoll is almost dead.
You barely miss the rat. The rat bites you but does no damage.
The gnoll hits you with a +0 flail!
* * * LOW HITPOINT WARNING * * *
The gnoll hits you with a +0 flail.
You die...

#. #. .# #. #.# # #. #.#
+. #. #.##########+
#..#. ####.##.........
..#...g##....##.........
..'...r@#..........#....
..##.###.#.[.##...#.....
##..#[)##..#......
#....#....#.......
.........#..#........
>.####.##..##..##.....
#.##..##..##.....
#....#..#........
#.$.#....#...#.##


You could see a gnoll and a rat.

Vanquished Creatures
  Natasha (D:3)
  An adder (D:2)
  2 gnolls (D:3)
  2 dart slugs (D:2)
  An orc (D:3)
  3 bats
  2 endoplasms
  A giant cockroach (D:1)
  3 goblins
  6 hobgoblins
  3 kobolds
  3 quokkas
  9 ball pythons
  A frilled lizard (D:1)
  5 rats
43 creatures vanquished.

Notes
Turn   | Place    | Note
-------+----------+-------------------------------------------
     0 | D:1      | zermelo the Minotaur Berserker began the quest for the Orb.
     0 | D:1      | Reached XP level 1. HP: 19/19 MP: 0/0
   284 | D:1      | Reached skill level 4 in Axes
   458 | D:1      | Reached XP level 2. HP: 26/26 MP: 1/1
  1314 | D:2      | Found a basalt altar of Yredelemnul.
  1362 | D:2      | Reached skill level 5 in Axes
  1506 | D:2      | Reached XP level 3. HP: 31/31 MP: 2/2
  1514 | D:2      | Reached ** piety under Trog
  2380 | D:2      | Identified the +9 war axe of the Other Side {flame, rF+ rN+
                  | Dex+2}
  2584 | D:3      | Noticed Natasha
  2587 | D:3      | Reached skill level 6 in Axes
  2587 | D:3      | Reached XP level 4. HP: 34/39 MP: 3/3
  2589 | D:3      | Killed Natasha
  2591 | D:3      | HP: 1/39 [gnoll/+0 flail (9)]
  2591 | D:3      | Slain by a gnoll

Illustrated notes

Levels and vault maps discovered:
D:1:      minmay_arrival_arboretum_small, layout_basic
D:2:      layout_basic, basic_altar, nicolae_elevator_lobby_plus
D:3:      layout_basic, minivault_26, minmay_misc_feat_square, uniq_natasha

Skill      XL: |  1  2  3 |
---------------+----------+-----
Axes           | 4 5 6 |  6.4
Fighting       | |  3.6
Armour         | |  2.4
Dodging        | |  2.1

Action                   |  1- 3 |  4- 6 || total
-------------------------+-------+-------++-------
Melee: Hand axe          |    74 |       ||    74
       Punch             |     1 |       ||     1
       Headbutt          |    12 |     1 ||    13
       War axe           |     3 |     5 ||     8
  Use: Scroll            |     7 |       ||     7
Armor: Animal skin       |     6 |       ||     6
       Chain mail        |    25 |     3 ||    28
Dodge: Dodged            |    44 |     6 ||    50
